EL
BINGHAMTON METS @ TRENTON THUNDER
06/18/2099
 
TOP OF THE 1ST
Binghamton Mets batting - Pitching for Trenton Thunder : LHP T.J. Grady
Pitching: LHP T.J. Grady
Batting: LHB David Thomas 0-0: Ball
1-0: Foul Ball, location: 2F
1-1: Called Strike
1-2: Strikes out swinging wild pitch, reaches first!
Batting: LHB Ron Tilmann 0-0: Called Strike
0-1: Fly out, F8 (Flyball, 78M, EV 93.8 MPH)
Batting: LHB Steve Thompson 0-0: Ball
1-0: Called Strike
1-1: Ball
2-1: Swinging Strike
2-2: Strikes out swinging
Batting: RHB Dallas Lentz 0-0: Ball
1-0: Ball
2-0: Foul Ball, location: 23F
2-1: Swinging Strike
2-2: Ball
3-2: Strikes out looking
Top of the 1st over - 0 runs, 0 hits, 0 errors, 1 left on base; Binghamton 0 - Trenton 0
BOTTOM OF THE 1ST
Trenton Thunder batting - Pitching for Binghamton Mets : RHP Casey Maynard
Pitching: RHP Casey Maynard
Batting: SHB Matt Lewis 0-0: Called Strike
0-1: Swinging Strike
0-2: Ball
1-2: Fly out, F5 (Popup, 5S, EV 81.3 MPH)
Batting: RHB Ryan Ginsburg 0-0: Ball
1-0: DOUBLE (Line Drive, 78D, EV 108.1 MPH)
Batting: LHB Danny Grimes 0-0: SINGLE (Groundball, 4MD, EV 99.4 MPH)
Ryan Ginsburg to third
Runner from 3rd tries for Home, SAFE, throw by CF to home
Batting: SHB Roberto Campos 0-0: Ball
1-0: Ball
2-0: Called Strike
2-1: Foul Ball, location: 2F
2-2: Fly out, F9 (Line Drive, 89M, EV 106.3 MPH)
Batting: RHB George McEneaney 0-0: Ball
1-0: Called Strike
1-1: Foul Ball, location: 2F
1-2: Ball
2-2: Foul Ball, location: 23F
2-2: Ball
3-2: Ground out 5-3 (Groundball, 56, EV 108.8 MPH)
Bottom of the 1st over - 1 run, 2 hits, 0 errors, 1 left on base; Binghamton 0 - Trenton 1
TOP OF THE 2ND
Binghamton Mets batting - Pitching for Trenton Thunder : LHP T.J. Grady
Batting: RHB Paul Barner 0-0: Ball
1-0: Ball
2-0: Ground out 6-3 (Groundball, 56, EV 101.3 MPH)
Batting: SHB Tom Garrison 0-0: Called Strike
0-1: Ball
1-1: Foul Ball, location: 23F
1-2: Ball
2-2: Strikes out swinging
Batting: RHB Ken Lopez 0-0: Ball
1-0: DOUBLE (Line Drive, 9LM, EV 105.0 MPH)
Batting: LHB Al Casillas 0-0: Ball
1-0: Ball
2-0: Ball
3-0: Called Strike
3-1: Base on Balls
Batting: LHB Jason Barwick 0-0: Called Strike
0-1: Ball
1-1: Called Strike
1-2: Ball
2-2: Foul Ball, location: 2F
2-2: Foul Ball, location: 2F
2-2: Strikes out swinging
Top of the 2nd over - 0 runs, 1 hit, 0 errors, 2 left on base; Binghamton 0 - Trenton 1
BOTTOM OF THE 2ND
Trenton Thunder batting - Pitching for Binghamton Mets : RHP Casey Maynard
Batting: LHB Randy Faulkner 0-0: Ball
1-0: Called Strike
1-1: Ground out 3-1 (Groundball, 34S, EV 80.6 MPH)
Batting: RHB Rich Ruiz 0-0: Called Strike
0-1: Ball
1-1: Foul Ball, location: 2F
1-2: Fly out, F7 (Flyball, 78M, EV 91.3 MPH)
Batting: SHB Jaime Bennett 0-0: Ground out 4-3 (Groundball, 4M, EV 96.9 MPH)
Bottom of the 2nd over - 0 runs, 0 hits, 0 errors, 0 left on base; Binghamton 0 - Trenton 1
TOP OF THE 3RD
Binghamton Mets batting - Pitching for Trenton Thunder : LHP T.J. Grady
Batting: LHB David Thomas 0-0: Called Strike
0-1: Foul Ball, location: 2F
0-2: Ground out 4-3 (Groundball, 4, EV 80.6 MPH)
Batting: LHB Ron Tilmann 0-0: Ball
1-0: Ball
2-0: Fly out, F8 (Flyball, 8RM, EV 90.6 MPH)
Batting: LHB Steve Thompson 0-0: Swinging Strike
0-1: Foul Ball, location: 9LMF
0-2: Foul Ball, location: 2F
0-2: Foul Ball, location: 25FF
0-2: Foul Ball, location: 9LMF
0-2: Strikes out swinging
Top of the 3rd over - 0 runs, 0 hits, 0 errors, 0 left on base; Binghamton 0 - Trenton 1
BOTTOM OF THE 3RD
Trenton Thunder batting - Pitching for Binghamton Mets : RHP Casey Maynard
Batting: RHB Jack Duval 0-0: Fly out, F8 (Line Drive, 89M, EV 90.0 MPH)
Batting: SHB Matt Lewis 0-0: Called Strike
0-1: Ball
1-1: Bunt missed!
1-2: Foul Ball, location: 2RF
1-2: Ball
2-2: Ground out 6-3 (Groundball, 6, EV 85.0 MPH)
Batting: RHB Ryan Ginsburg 0-0: Ball
1-0: SINGLE (Line Drive, 8LS, EV 97.5 MPH)
Batting: LHB Danny Grimes 0-0: Ball
1-0: Ground out 4-3 (Groundball, 4, EV 100.0 MPH)
Bottom of the 3rd over - 0 runs, 1 hit, 0 errors, 1 left on base; Binghamton 0 - Trenton 1
TOP OF THE 4TH
Binghamton Mets batting - Pitching for Trenton Thunder : LHP T.J. Grady
Batting: RHB Dallas Lentz 0-0: Ball
1-0: Called Strike
1-1: Fly out, F8 (Line Drive, 78M, EV 102.5 MPH)
Batting: RHB Paul Barner 0-0: Ball
1-0: DOUBLE (Line Drive, 89D, EV 107.5 MPH)
Batting: SHB Tom Garrison 0-0: Foul Ball, location: 2F
0-1: Foul Ball, location: 23F
0-2: Ball
1-2: Strikes out swinging
Batting: RHB Ken Lopez 0-0: Foul Ball, location: 9LDF
0-1: Ground out U3 (Groundball, 34, EV 82.5 MPH)
Top of the 4th over - 0 runs, 1 hit, 0 errors, 1 left on base; Binghamton 0 - Trenton 1
BOTTOM OF THE 4TH
Trenton Thunder batting - Pitching for Binghamton Mets : RHP Casey Maynard
Batting: SHB Roberto Campos 0-0: Foul Ball, location: 2F
0-1: Ball
1-1: Called Strike
1-2: Ball
2-2: Strikes out swinging
Batting: RHB George McEneaney 0-0: Foul Ball, location: 25F
0-1: Fly out, F8 (Flyball, 8RXD, EV 95.6 MPH)
Batting: LHB Randy Faulkner 0-0: Foul Ball, location: 2F
0-1: Ball
1-1: Ball
2-1: Called Strike
2-2: Ground out U3 (Groundball, 34, EV 68.8 MPH)
Bottom of the 4th over - 0 runs, 0 hits, 0 errors, 0 left on base; Binghamton 0 - Trenton 1
TOP OF THE 5TH
Binghamton Mets batting - Pitching for Trenton Thunder : LHP T.J. Grady
Batting: LHB Al Casillas 0-0: Foul Ball, location: 2RF
0-1: Ball
1-1: Foul Ball, location: 5F
1-2: Ball
2-2: Strikes out swinging
Batting: LHB Jason Barwick 0-0: Called Strike
0-1: Fly out, F9 (Line Drive, 9, EV 105.0 MPH)
Batting: LHB David Thomas 0-0: Ball
1-0: Swinging Strike
1-1: Swinging Strike
1-2: Ball
2-2: Ground out 6-3 (Groundball, P, EV 90.0 MPH)
Top of the 5th over - 0 runs, 0 hits, 0 errors, 0 left on base; Binghamton 0 - Trenton 1
BOTTOM OF THE 5TH
Trenton Thunder batting - Pitching for Binghamton Mets : RHP Casey Maynard
Batting: RHB Rich Ruiz 0-0: Fly out, F8 (Flyball, 8RS, EV 89.4 MPH)
Batting: SHB Jaime Bennett 0-0: Ball
1-0: Ball
2-0: Swinging Strike
2-1: Foul Ball, location: 9LSF
2-2: Strikes out swinging
Batting: RHB Jack Duval 0-0: Called Strike
0-1: Ball
1-1: Ball
2-1: Fly out, F7 (Flyball, 78D, EV 81.3 MPH)
Bottom of the 5th over - 0 runs, 0 hits, 0 errors, 0 left on base; Binghamton 0 - Trenton 1
TOP OF THE 6TH
Binghamton Mets batting - Pitching for Trenton Thunder : LHP T.J. Grady
Batting: LHB Ron Tilmann 0-0: Ground out 5-3 (Groundball, 56S, EV 89.4 MPH)
Batting: LHB Steve Thompson 0-0: SINGLE (Line Drive, 7S, EV 91.3 MPH)
Batting: RHB Dallas Lentz 0-0: Called Strike
0-1: Ball
1-1: Ball
2-1: Ball
3-1: Called Strike
3-2: Base on Balls
Steve Thompson to second
Batting: RHB Paul Barner 0-0: Swinging Strike
0-1: Ball
1-1: Fly out, F7 (Flyball, 7D, EV 111.3 MPH)
Runner from 2nd tags up, SAFE at 3rd, no throw by LF
Batting: SHB Tom Garrison 0-0: Foul Ball, location: 9LDF
0-1: Swinging Strike
0-2: Ball
1-2: Strikes out swinging
Top of the 6th over - 0 runs, 1 hit, 0 errors, 2 left on base; Binghamton 0 - Trenton 1
BOTTOM OF THE 6TH
Trenton Thunder batting - Pitching for Binghamton Mets : RHP Casey Maynard
Batting: SHB Matt Lewis 0-0: Ball
1-0: Ball
2-0: Swinging Strike
2-1: Foul Ball, location: 2F
2-2: Strikes out swinging
Batting: RHB Ryan Ginsburg 0-0: DOUBLE (Groundball, 5L, EV 102.5 MPH)
Batting: LHB Danny Grimes 0-0: Ball
Ryan Ginsburg steals 3rd base
1-0: Ball
2-0: Called Strike
2-1: Ball
3-1: Swinging Strike
3-2: Base on Balls
Batting: SHB Roberto Campos 0-0: Ball
1-0: Ball
2-0: Called Strike
2-1: Foul Ball, location: 2RF
2-2: Ball
3-2: Foul Ball, location: 2F
3-2: Foul Ball, location: 2F
3-2: SINGLE (Groundball, 34, EV 105.0 MPH) (infield hit)
Ryan Ginsburg scores
Danny Grimes to second
Batting: RHB George McEneaney 0-0: Ball
Danny Grimes is caught stealing 3rd base 2-5
1-0: Ball
2-0: Ball
3-0: Called Strike
3-1: Base on Balls
Roberto Campos to second
Batting: LHB Randy Faulkner 0-0: Ball
1-0: Ball
2-0: Ball
3-0: Swinging Strike
3-1: Ground out 4-3 (Groundball, 4, EV 89.4 MPH)
Bottom of the 6th over - 1 run, 2 hits, 0 errors, 2 left on base; Binghamton 0 - Trenton 2
TOP OF THE 7TH
Binghamton Mets batting - Pitching for Trenton Thunder : LHP T.J. Grady
Now at 1B: Roberto Campos
Now at 3B: Todd Rosenberger
Batting: RHB Ken Lopez 0-0: Swinging Strike
0-1: Ball
1-1: Swinging Strike
1-2: Ball
2-2: Foul Ball, location: 9LMF
2-2: Strikes out swinging
Batting: LHB Al Casillas 0-0: Swinging Strike
0-1: Foul Ball, location: 9LMF
0-2: Fly out, F9 (Line Drive, 9LM, EV 98.1 MPH)
Batting: LHB Jason Barwick 0-0: Ball
1-0: Called Strike
1-1: Ground out U3 (Groundball, 34, EV 102.5 MPH)
Top of the 7th over - 0 runs, 0 hits, 0 errors, 0 left on base; Binghamton 0 - Trenton 2
BOTTOM OF THE 7TH
Trenton Thunder batting - Pitching for Binghamton Mets : RHP Casey Maynard
Batting: RHB Rich Ruiz 0-0: Called Strike
0-1: Called Strike
0-2: Fly out, F8 (Flyball, 8RM, EV 93.1 MPH)
Batting: SHB Jaime Bennett 0-0: Ground out 4-3 (Groundball, 4, EV 80.0 MPH)
Batting: RHB Jack Duval 0-0: Swinging Strike
0-1: Fly out, F9 (Flyball, 89D, EV 100.6 MPH)
Bottom of the 7th over - 0 runs, 0 hits, 0 errors, 0 left on base; Binghamton 0 - Trenton 2
TOP OF THE 8TH
Binghamton Mets batting - Pitching for Trenton Thunder : LHP T.J. Grady
Batting: LHB David Thomas 0-0: Ball
1-0: Ball
2-0: Foul Ball, location: 7LSF
2-1: Foul Ball, location: 2F
2-2: Ball
3-2: Fly out, F7 (Flyball, 78D, EV 99.4 MPH)
Pitching: RHP Aaron LaBonte
Batting: LHB Ron Tilmann 0-0: SINGLE (Line Drive, 78S, EV 97.5 MPH)
Batting: LHB Steve Thompson 0-0: Fly out, F7 (Flyball, 7LMF, EV 93.8 MPH)
Batting: RHB Dallas Lentz 0-0: Foul Ball, location: 2F
0-1: Called Strike
0-2: Strikes out swinging
Top of the 8th over - 0 runs, 1 hit, 0 errors, 1 left on base; Binghamton 0 - Trenton 2
BOTTOM OF THE 8TH
Trenton Thunder batting - Pitching for Binghamton Mets : RHP Casey Maynard
Batting: SHB Matt Lewis 0-0: Called Strike
0-1: SINGLE (Groundball, 4MD, EV 103.8 MPH) (infield hit)
Batting: RHB Ryan Ginsburg 0-0: Ball
1-0: Ball
2-0: Ball
3-0: Foul Ball, location: 2F
3-1: Base on Balls
Matt Lewis to second
Batting: LHB Danny Grimes 0-0: Ball
1-0: Ball
2-0: Ball
3-0: Fly out, F7 (Flyball, 78M, EV 92.5 MPH)
Batting: SHB Roberto Campos 0-0: Called Strike
0-1: Foul Ball, location: 2F
0-2: Ball
1-2: Strikes out looking
Pitching: RHP Harry Sommer
Batting: RHB George McEneaney 0-0: Ball
1-0: Foul Ball, location: 5F
1-1: Swinging Strike
1-2: DOUBLE (Flyball, 8LXD, EV 105.0 MPH)
Matt Lewis scores
Ryan Ginsburg to third
Runner from 3rd tries for Home, SAFE, throw by CF to home
Batting: RHB Todd Rosenberger 0-0: Ball
1-0: Ball
2-0: Ball
3-0: Base on Balls
Batting: RHB Rich Ruiz 0-0: Swinging Strike
0-1: Swinging Strike
Passed Ball!
George McEneaney to third
Todd Rosenberger to second
0-2: Ball
1-2: Ground out 6-3 (Groundball, 6, EV 83.8 MPH)
Bottom of the 8th over - 2 runs, 2 hits, 0 errors, 2 left on base; Binghamton 0 - Trenton 4
TOP OF THE 9TH
Binghamton Mets batting - Pitching for Trenton Thunder : RHP Aaron LaBonte
Batting: RHB Paul Barner 0-0: Fly out, F7 (Flyball, 7, EV 91.9 MPH)
Batting: SHB Tom Garrison 0-0: Foul Ball, location: 7LMF
0-1: Ball
1-1: Called Strike
1-2: Strikes out swinging
Batting: RHB Ken Lopez 0-0: Ball
1-0: Called Strike
1-1: Called Strike
1-2: Ball
2-2: Foul Ball, location: 25F
2-2: Strikes out swinging
Top of the 9th over - 0 runs, 0 hits, 0 errors, 0 left on base; Binghamton 0 - Trenton 4
Thursday, May 9th , 2024 - OOTP Baseball 24.11 Build 85